 Dungeon Sprint DCSS version 0.19.4-25-g1b72edd (webtiles) character file.

36 equalderp2856 the Skirmisher (level 3, 0/30 HPs)
             Began as a Mummy Fighter on Feb 28, 2017.
             Slain by Crazy Yiuf
             ... wielding a +2 quarterstaff of chaos
              (4 damage)
             ... in the Dungeon (Sprint VII: "The Pits").
             The game lasted 00:00:59 (320 turns).

equalderp2856 the Skirmisher (Mummy Fighter)         Turns: 320, Time: 00:01:00

Health: 0/30       AC:  7    Str: 20    XL:     3   Next: 19%
Magic:  3/3        EV:  7    Int:  7    God:
Gold:   0          SH:  9    Dex: 11    Spells: 0 memorised, 2 levels left

rFire  x . .     SeeInvis .     a - +0 war axe
rCold  + . .     Gourm    .     b - +0 scale mail
rNeg   + + +     Faith    .     c - +0 shield
rPois  ∞         Spirit   .     (no helmet)
rElec  .         Reflect  .     (no cloak)
rCorr  .         Harm     .     (no gloves)
MR     .....     NoTele   +     (no boots)
Stlth  ..........               (no amulet)
                                (no ring)
                                (no ring)

@: no status effects
A: no food or potions, fire vulnerability, cold resistance 1, negative energy
resistance 3, torment resistance, unbreathing
a: no special abilities


You were in the Dungeon.
You were not hungry.

You visited 1 branch

Inventory:

Hand Weapons
 a - a +0 war axe (weapon)
Armour
 b - a +0 scale mail (worn)
 c - a +0 shield (worn)
Scrolls
 d - a scroll of blinking
 e - 3 scrolls of remove curse
 f - 5 scrolls of amnesia
 g - a scroll of summoning


   Skills:
 + Level 4.2 Fighting
 + Level 2.4 Axes
 + Level 3.8 Armour
 + Level 3.8 Shields


You had 2 spell levels left.
You didn't know any spells.

Dungeon Overview and Level Annotations

Branches:
Dungeon (1/1)

Altars:
Ashenzari
Cheibriados
Dithmenos
Elyvilon
Fedhas
Gozag
Hepliaklqana
Kikubaaqudgha
Makhleb
Nemelex Xobeh
Okawaru
Qazlal
Ru
Sif Muna
Trog
Uskayaw
Vehumet
Xom
Yredelemnul
Zin
The Shining One
Beogh
Jiyva
Lugonu

Annotations:
D Crazy Yiuf


Innate Abilities, Weirdness & Mutations

You do not eat or drink.
Your flesh is vulnerable to fire.
You are immune to poison.
Your flesh is cold resistant. (rC+)
You are immune to negative energy. (rN+++)
You are immune to unholy pain and torment.
You can survive without breathing.


Message History

Crazy Yiuf hits you with a quarterstaff of chaos.
Space bends around you.
* * * LOW HITPOINT WARNING * * *
You closely miss Crazy Yiuf.
Crazy Yiuf grits, "Gum!
Ice snail action."
You block Crazy Yiuf's attack.
Your shield and scale mail prevent you from hitting Crazy Yiuf.
You block Crazy Yiuf's attack.
You can't drink.
You barely miss Crazy Yiuf. You block Crazy Yiuf's attack.
Crazy Yiuf says, "Race koolooloo snail!"
Crazy Yiuf barely misses you.
You hit Crazy Yiuf but do no damage.
Crazy Yiuf hits you with a quarterstaff of chaos.
* * * LOW HITPOINT WARNING * * *
x2 You closely miss Crazy Yiuf.
You block Crazy Yiuf's attack.
Your shield prevents you from hitting Crazy Yiuf.
You block Crazy Yiuf's attack.
Crazy Yiuf hits you with a quarterstaff of chaos.
You die...

#__________#
#____#####'###########++
######)))#.##...........
#%?(!')))'.##......#..#.
##########.##...........
#...........'...........
#+#####'#####......#..#.
#..#..##...........
+..@..#####'#####++
####g###.......#
.r.##.......#
g...##.......#
#+#####...<...#
#.......# #.......#
#.......# #########


You could see Crazy Yiuf and a quokka.

Vanquished Creatures
  A worker ant (D)
  An adder (D)
  2 bat skeletons (D)
  A hobgoblin (D)
5 creatures vanquished.

Notes
Turn   | Place    | Note
-------+----------+-------------------------------------------
     0 | D        | equalderp2856 the Mummy Fighter began the quest for the Orb.
     0 | D        | Reached XP level 1. HP: 18/18 MP: 1/1
    57 | D        | Found a radiant altar of Vehumet.
    57 | D        | Found a hide-covered altar of Uskayaw.
    57 | D        | Found an ancient bone altar of Kikubaaqudgha.
    57 | D        | Found a viscous altar of Jiyva.
    57 | D        | Found a hazy altar of Hepliaklqana.
    58 | D        | Found a bloodstained altar of Trog.
    58 | D        | Found a deep blue altar of Sif Muna.
    58 | D        | Found a sacrificial altar of Ru.
    58 | D        | Found a stormy altar of Qazlal.
    58 | D        | Found an iron altar of Okawaru.
    58 | D        | Found a sparkling altar of Nemelex Xobeh.
    58 | D        | Found an opulent altar of Gozag.
    58 | D        | Found a blossoming altar of Fedhas.
    58 | D        | Found a white marble altar of Elyvilon.
    58 | D        | Found a shadowy altar of Dithmenos.
    58 | D        | Found a snail-covered altar of Cheibriados.
    59 | D        | Found a glowing golden altar of the Shining One.
    59 | D        | Found a glowing silver altar of Zin.
    60 | D        | Found a burning altar of Makhleb.
    60 | D        | Found a basalt altar of Yredelemnul.
    60 | D        | Found a roughly hewn altar of Beogh.
    61 | D        | Found a corrupted altar of Lugonu.
    61 | D        | Found a shimmering altar of Xom.
    61 | D        | Found a shattered altar of Ashenzari.
    82 | D        | Noticed a worker ant
    93 | D        | Killed a worker ant
    93 | D        | Reached skill level 4 in Fighting
    93 | D        | Reached XP level 2. HP: 9/25 MP: 2/2
   296 | D        | Noticed a floating eye
   296 | D        | Noticed Crazy Yiuf
   299 | D        | Paralysed by a floating eye for 3 turns
   304 | D        | Paralysed by a floating eye for 3 turns
   308 | D        | Paralysed by a floating eye for 3 turns
   312 | D        | Paralysed by a floating eye for 2 turns
   314 | D        | Reached XP level 3. HP: 16/30 MP: 3/3
   320 | D        | Slain by Crazy Yiuf

Skill      XL: |  1 |
---------------+----+-----
Fighting       | 4 |  4.2
Axes           | 2 |  2.4
Armour         | 3 |  3.8
Shields        | 3 |  3.8

Action                   || total
-------------------------++-------
Melee: War axe           ||    34
Armor: Scale mail        ||    19
Dodge: Dodged            ||     5
Block: Shield            ||    26
